 Dungeon Crawl Stone Soup version 0.31-a0-319-g4fced400ed (webtiles) character file.

Game seed: 5649531064012293019

41 porpoise the Shooter (level 3, -2/22 HPs)
             Began as a Kobold Hunter on July 17, 2023.
             Slain by Crazy Yiuf
             ... wielding a +2 quarterstaff of chaos
              (9 damage)
             ... on level 2 of the Dungeon.
             The game lasted 00:03:17 (1086 turns).

porpoise the Shooter (Kobold Hunter)                Turns: 1086, Time: 00:03:17

Health: -2/22      AC:  3    Str:  8    XL:     3   Next: 75%
Magic:  3/3        EV: 14    Int: 10    God:
Gold:   40         SH:  0    Dex: 20    Spells: 2/2 levels left

rFire   . . .        a - +0 shortbow
rCold   . . .        (shield currently unavailable)
rNeg    . . .        c - +0 leather armour
rPois   +            (no helmet)
rElec   .            (no cloak)
rCorr   .            (no gloves)
SInv    .            (no boots)
Will    +....        (no amulet)
Stlth   +++          k - ring of poison resistance
HPRegen 0.23/turn    h - ring of willpower
MPRegen 0.08/turn

%: no passive effects
@: no status effects
A: small, no large weapons, nightstalker 3
a: no special abilities


You were on level 2 of the Dungeon.
You visited 1 branch of the dungeon, and saw 2 of its levels.

You collected 40 gold pieces.

Inventory:

Hand Weapons
 a - a +0 shortbow (weapon)
Missiles
 e - 6 curare-tipped darts
Armour
 c - a +0 leather armour (worn)
Magical Staves
 l - a staff of fire
Jewellery
 g - a +6 ring of dexterity
 h - a ring of willpower (right hand)
 k - a ring of poison resistance (left hand)
Scrolls
 b - a scroll of butterflies
 f - a scroll of identify {unknown}
 i - a scroll of amnesia {unknown}
Potions
 d - 2 potions of curing {unknown}
 j - a potion of degeneration {unknown}
 m - a potion of brilliance {unknown}


   Skills:
 + Level 2.8 Fighting
 * Level 6.2 Ranged Weapons
 - Level 2.4 Dodging
 + Level 2.5 Stealth


You had 2 spell levels left.
You didn't know any spells.
Your spell library was empty.

Dungeon Overview and Level Annotations

Branches:
Dungeon (2/15)

Altars:

Annotations:
D:2 Crazy Yiuf


Innate Abilities, Weirdness & Mutations

You are small and have problems with some larger weapons.
You are completely attuned to the shadows.


Message History

You shoot an arrow. The arrow hits the bat.
The bat is severely wounded.
You shoot an arrow. The arrow hits the bat!
You kill the bat!
No target in view!
A bat and a rat come into view.
You see here a glowing inky potion.
You shoot an arrow. The arrow hits the rat.
You kill the rat!
The bat barely misses you.
You shoot an arrow. The arrow hits the bat.
The bat is moderately wounded.
The bat barely misses you.
You shoot an arrow. The arrow closely misses the bat.
The bat misses you.
You shoot an arrow. The arrow closely misses the bat.
The bat misses you. The bat hits you but does no damage.
You shoot an arrow. The arrow barely misses the bat.
The bat hits you but does no damage.
You shoot an arrow. The arrow hits the bat!
You kill the bat!
m - a glowing inky potion You now have 40 gold pieces (gained 7).
Found a runed translucent door.
Found a hammer.
You open the door. You shoot an arrow. The arrow hits Crazy Yiuf.
Crazy Yiuf shouts!
Crazy Yiuf is lightly wounded.
You shoot an arrow. The arrow barely misses Crazy Yiuf.
You shoot an arrow. The arrow barely misses Crazy Yiuf.
You shoot an arrow. The arrow closely misses Crazy Yiuf.
Crazy Yiuf hits you with a +2 quarterstaff of chaos!
Ouch! That really hurt!
You are too injured to fight recklessly!
You are too injured to fight recklessly!
You shoot an arrow. The arrow hits Crazy Yiuf.
Crazy Yiuf is lightly wounded.
Crazy Yiuf says, "Walk!
Rifle tired mumblescurry."
Crazy Yiuf hits you with a +2 quarterstaff of chaos!
You die...

.###.#.......#
.....#.......#
.#####........ .#
#..###### .# ### .#
.....##♣♣♣♣♣
.#..........♣.♣♣♣ ##
.#...........♣..♣#...
.#..........♣♣♣♣@g...
##.........♣♣ ♣♣#..)
##......##♣♣ ##
........# ...######
...# #+##


You could see Crazy Yiuf.

Vanquished Creatures
  A dart slug (D:1)
  5 ball pythons
  3 endoplasms
  5 goblins
  3 hobgoblins
  3 jackals (D:1)
  3 kobolds (D:1)
  2 quokkas (D:1)
  5 bats
  A frilled lizard (D:1)
  3 rats
34 creatures vanquished.

Notes
Turn   | Place    | Note
-------+----------+-------------------------------------------
     0 | D:1      | porpoise the Kobold Hunter began the quest for the Orb.
     0 | D:1      | Reached XP level 1. HP: 12/12 MP: 1/1
   207 | D:1      | Reached XP level 2. HP: 18/18 MP: 2/2
   460 | D:1      | Reached XP level 3. HP: 22/22 MP: 3/3
   602 | D:1      | Reached skill level 6 in Ranged Weapons
  1002 | D:2      | Found a faded altar of an unknown god.
  1077 | D:2      | Found a runed translucent door.
  1080 | D:2      | Noticed Crazy Yiuf
  1086 | D:2      | Slain by Crazy Yiuf

Illustrated notes

Levels and vault maps discovered:
D:1:      evilmike_arrival_crescent, layout_basic
D:2:      layout_basic, basic_altar, basic_ecumenical_altar,
          amcnicky_mini_pool_small, minmay_tetromino_t4, uniq_terence,
          uniq_sigmund, uniq_crazy_yiuf_cottage

Skill      XL: |  1  2  3 |
---------------+----------+-----
Stealth        | 2 |  2.5
Ranged Weapons | 6 |  6.2
Fighting       | |  2.8
Dodging        | |  2.4

Action                     || total
---------------------------++-------
   Fire: Shortbow          ||    80
 Armour: Leather armour    ||     6
  Dodge: Dodged            ||    25

Table legend: (Time is in decaauts)
 A = Elapsed time spent in this place.
 B = Non-inter-level travel time spent in this place.
 C = Inter-level travel time spent in this place.
 D = Time resting spent in this place.
 E = Time spent auto-exploring this place.
 F = Levels seen in this place.
 G = Mean time per level.
                   A        B        C        D        E       F      G
               +--------+--------+--------+--------+--------+-----+--------+
         Total |   1100 |   1036 |     64 |     16 |    853 |   2 |  550.0 |
       Dungeon |   1100 |   1036 |     64 |     16 |    853 |   2 |  550.0 |
               +--------+--------+--------+--------+--------+-----+--------+

Top non-repeatable levels by time:
     D:1: 892 daAuts
     D:2: 207 daAuts
